AoeStats
← Fia Sare

Four Lakes

510114031Analyzed
1v1 RM · 3d ago on Sep 29, 2026· 30m 36s· 2 players
Game mode
Random Map
Map size
Tiny (2 player)
Population
200
Speed
Normal
Resources
Standard
Victory
Conquest
Starting age
Dark Age
Ending age
Imperial Age
RankedLock teamsTeams togetherTeam positionsShared explorationLock speedFull tech treeHidden civsTurbo modeCheats
Victory
Defeat
🇲🇽 Vikings · Mexico
1232
+16
🇦🇷 Portuguese · Argentina
1224
-16
Fia Sare
7:43 Loom
9:50 Feudal Age
10:44 Double-Bit Axe
15:22 Fletching
17:02 Padded Archer Armor
20:46 Castle Age
19:13 Horse Collar
19:24 Gold Mining
19:39 Fishing Lines
20:48 Crossbowman
21:24 Bodkin Arrow
23:31 Leather Archer Armor
26:35 Ballistics
Truchason
4:48 Loom
11:06 Feudal Age
12:19 Town Watch
16:22 Castle Age
15:05 Gold Mining
16:12 Scale Mail Armor
16:30 Double-Bit Axe
16:40 Arson
21:23 Squires
27:06 Chain Mail Armor
30:42 Forging
Connection lost

Rejoining the realm…

Still unreachable

The connection could not be restored.

Session expired

The server has moved on; the page needs a fresh start.